 Dungeon Crawl Stone Soup version 0.32-a0-614-gd166fa89d2 (webtiles) character file.

Game seed: 8233548326231493332

133 senseless the Ruffian (level 5, 0/52 HPs)
             Began as an Octopode Shapeshifter on Mar 5, 2024.
             Slain by Grinder (3 damage)
             ... on level 3 of the Dungeon.
             The game lasted 00:03:42 (1782 turns).

senseless the Ruffian (Octopode Shapeshifter)       Turns: 1782, Time: 00:03:43

Health: 0/52       AC: 22    Str: 16    XL:     5   Next: 16%
Magic:  4/5        EV:  2    Int: 12    God:
Gold:   140        SH:  0    Dex: 11    Spells: 3/4 levels left

rFire   . .          .
                       - Unarmed
rCold   . . .        (no shield)
rNeg    . . .        (helmet currently unavailable)
rPois   +            (no amulet)
rElec   .            (no ring)
rCorr   .            (no ring)
SInv    .            (no ring)
Will    .....        (no ring)
Stlth   ++           (no ring)
HPRegen 0.28/turn    (no ring)
MPRegen 0.09/turn    (no ring)
                     (no ring)

%: no passive effects
@: tree-form, constricted
A: stationary, stasis, torment immunity, boosted hp, almost no armour,
(amphibious), 8 rings, (camouflage 1), (gelatinous body 1), (nimble swimmer 1),
(tentacles)
a: no special abilities


You were on level 3 of the Dungeon.
You were a tree.
You visited 1 branch of the dungeon, and saw 3 of its levels.

You collected 140 gold pieces.

Inventory:

Talismans
 b - a beast talisman (active)
 c - a flux talisman
Scrolls
 f - 2 scrolls of identify {unknown}
 i - 3 scrolls of teleportation {unknown}
 n - a scroll of blinking {unknown}
 o - a scroll of torment {unknown}
Potions
 d - 3 potions of might {unknown}
 g - a potion of attraction {unknown}
 j - a potion of berserk rage {unknown}
 k - 2 potions of heal wounds {unknown}
 m - a potion of degeneration {unknown}


   Skills:
 * Level 2.4 Fighting
 * Level 3.0 Dodging
 + Level 2.2 Stealth
 * Level 3.8 Unarmed Combat
 + Level 3.3 Shapeshifting


You had 3 spell levels left.
You knew the following spells:

 Your Spells              Type           Power      Damage    Failure   Level
a - Sandblast             Erth           0%         2d4       32%         1

Your spell library contained the following spells:

 Spells                   Type           Power      Damage    Failure   Level
 Passwall                 Erth           0%         N/A       69%         3
 Stone Arrow              Conj/Erth      0%         3d7       69%         3
 Brom's Barrelling Bould  Conj/Erth      0%         2d3       97%         4


Dungeon Overview and Level Annotations

Branches:
Dungeon (3/15)

Altars:

Shops:
D:1 (

Annotations:
D:3 Grinder


Innate Abilities, Weirdness & Mutations

You are a tree.
Your roots penetrate the ground, keeping you stationary.
You cannot be teleported.
You are immune to unholy pain and torment.
Your maximum health is greatly increased.
You cannot wear most types of armour.
((You are amphibious.))
You can wear up to eight rings at the same time.
((Your skin changes colour to match your surroundings (Stealth+).))
((Your rubbery body absorbs attacks. (AC +1, EV +1)))
((You are camouflaged when in or above water. (Stealth+)))
((You have tentacles for arms and can constrict up to eight enemies at once.))


Message History

You start waiting.
Something hits the plant. x3
You start waiting.
Something hits the plant. x2
Something completely misses the plant.
You start waiting.
A nearby plant withers and dies.
The bat closely misses you. The bat barely misses you.
You miss the bat. You grab the bat. You constrict the bat.
You kill the bat!
The blast of sand hits Grinder but does no damage.
Grinder shouts!
You hear an angry hiss. x2
A ball python comes into view.
Grinder gestures at you. Pain shoots through your body! Grinder misses you.
You tentacle-slap Grinder. Your grab misses Grinder.
Grinder is lightly wounded.
Grinder hits you.
You tentacle-slap Grinder. Your grab misses Grinder. You squeeze Grinder.
Grinder is moderately wounded.
The ball python barely misses you.
Grinder says, "Don't move a muscle."
Grinder hits you!
You writhe in agony.
* * * LOW HITPOINT WARNING * * *
You bludgeon Grinder! Your grab misses Grinder. Your squeeze misses Grinder.
Grinder is heavily wounded.
The ball python bites you.
* * * LOW HITPOINT WARNING * * *
The ball python misses you. Grinder closely misses you.
The ball python bites you.
* * * LOW HITPOINT WARNING * * *
The ball python misses you.
Your transformation has ended.
You turn into a tree.
Your roots penetrate the ground.
Grinder barely misses you.
The ball python bites you but does no damage.
The ball python grabs you. The ball python constricts you.
You hit the ball python but do no damage.
The ball python bites you but does no damage.
The ball python constricts you. Grinder hits you.
You die...
Grinder sighs, "Dead already?
I want a refund."

# .. .. # #.##.### #
#....P.# # ## .# #.P....#
.. .# .<## +..$...#.#.
.####....## +.....PP...
........... #.5....#.#
.........# # #.♣...PP.##
.<)......# #.###S##P...#
.........## #..S.........
....b..b...###......#####
.......b.#..#..##.###
.........##...# #.#
###.#######..## #.# #..##
#...###.# ##..# #.#..##.#


You could see Grinder and a ball python.

Vanquished Creatures
  Natasha (thrice) (D:2)
  An adder (D:2)
  A dart slug (D:1)
  A ribbon worm (D:2)
  2 bats
  5 endoplasms
  A giant cockroach (D:2)
  6 goblins
  3 hobgoblins
  4 ball pythons
  5 frilled lizards
  10 kobolds
  6 rats
48 creatures vanquished.

Notes
Turn   | Place    | Note
-------+----------+-------------------------------------------
     0 | D:1      | senseless the Octopode Shapeshifter began the quest for the
                  | Orb.
     0 | D:1      | Reached XP level 1. HP: 13/13 MP: 1/1
   176 | D:1      | Reached XP level 2. HP: 18/18 MP: 2/2
   317 | D:1      | You fall into a shaft and drop 1 floor!
   424 | D:1      | Reached skill level 1 in Stealth
   448 | D:1      | Found Yliczi's Antique Weapon Boutique.
   539 | D:1      | Reached XP level 3. HP: 24/24 MP: 3/3
  1033 | D:1      | Learned a level 1 spell: Sandblast
  1086 | D:2      | Noticed Natasha
  1094 | D:2      | Killed Natasha
  1095 | D:2      | Reached XP level 4. HP: 5/29 MP: 1/4
  1359 | D:2      | Noticed Natasha
  1364 | D:2      | Killed Natasha
  1550 | D:2      | Noticed Natasha
  1556 | D:2      | Killed Natasha
  1557 | D:2      | Reached XP level 5. HP: 19/35 MP: 3/5
  1636 | D:2      | Found a faded altar of an unknown god.
  1768 | D:3      | Noticed Grinder
  1782 | D:3      | Slain by Grinder

Illustrated notes

Levels and vault maps discovered:
D:1:      tarquinn_simple_flora_water_d, layout_loops_cross, serial_shops, shop,
          nicolae_concentric_dashed_squares_wild, lexackson_kobold_supper
D:2:      wander_river, layout_rooms, hellmonk_ecumenical_altar_slurped_away,
          uniq_natasha
D:3:      cheibrodos_old_hovel, layout_rooms, overflow_temple_1_default,
          serial_park_tiny_pond, nrook_campfire, uniq_grinder

Skill      XL: |  1  2  3  4 |
---------------+-------------+-----
Stealth        | 1 2 |  2.2
Fighting       | 2 |  2.4
Dodging        | 3 |  3.0
Unarmed Combat | |  3.8
Shapeshifting  | |  3.3

Action                     |  1- 3 |  4- 6 || total
---------------------------+-------+-------++-------
  Melee: Unarmed           |   191 |    29 ||   220
         Constrict         |    15 |     6 ||    21
         Tentacles         |    59 |     5 ||    64
         Punch             |     6 |       ||     6
   Cast: Sandblast         |     2 |     2 ||     4
    Use: Scroll            |       |     3 ||     3
         Potion            |       |     1 ||     1
   Stab: Sleeping          |     3 |     2 ||     5
 Armour: Skin              |    17 |    15 ||    32
  Dodge: Dodged            |    30 |    16 ||    46

Table legend: (Time is in decaauts)
 A = Elapsed time spent in this place.
 B = Non-inter-level travel time spent in this place.
 C = Inter-level travel time spent in this place.
 D = Time resting spent in this place.
 E = Time spent auto-exploring this place.
 F = Levels seen in this place.
 G = Mean time per level.
                   A        B        C        D        E       F      G
               +--------+--------+--------+--------+--------+-----+--------+
         Total |   1771 |   1689 |     82 |      3 |   1260 |   3 |  590.3 |
       Dungeon |   1771 |   1689 |     82 |      3 |   1260 |   3 |  590.3 |
               +--------+--------+--------+--------+--------+-----+--------+

Top non-repeatable levels by time:
     D:1: 983 daAuts
     D:2: 710 daAuts
     D:3: 78 daAuts
